 Dungeon Crawl Stone Soup version 0.27.1-2-g3b301248ec (webtiles) character file.

Game seed: 14912662099673787246

39 Amplified the Skirmisher (level 3, 0/30 HPs)
             Began as a Merfolk Fighter on Sept 23, 2021.
             Was a Follower of Jiyva.
             Slain by a sky beast (5 damage)
             ... on level 3 of the Dungeon.
             The game lasted 00:02:07 (1224 turns).

Amplified the Skirmisher (Merfolk Fighter)          Turns: 1224, Time: 00:02:08

Health: 0/30       AC:  6    Str: 16    XL:     3   Next: 47%
Magic:  2/3        EV:  7    Int:  7    God:    Jiyva [*.....]
Gold:   63         SH:  9    Dex: 14    Spells: 2/2 levels left

rFire    . . .     SeeInvis .   a - +0 trident
rCold    . . .     Faith    .   c - +0 kite shield
rNeg     . . .     Spirit   .   b - +0 scale mail
rPois    .         Reflect  .   (no helmet)
rElec    .         Harm     .   (no cloak)
rCorr    .         Rampage  .   (no gloves)
Will     .....                  (no boots)
Stlth    ..........             (no amulet)
HPRegen  0.10/turn              (no ring)
MPRegen  0.08/turn              (no ring)

@: no status effects
A: (nimble swimmer 2), mertail
a: Renounce Religion, Request Jelly


You were on level 3 of the Dungeon.
You worshipped Jiyva.
Jiyva was aware of your devotion.
You visited 1 branch of the dungeon, and saw 4 of its levels.

You collected 63 gold pieces.

Inventory:

Hand Weapons
 a - a +0 trident (weapon)
 d - a +0 short sword of freezing
Missiles
 e - 11 poisoned darts (quivered)
Armour
 b - a +0 scale mail (worn)
 c - a +0 kite shield (worn)
Jewellery
 j - a ring of magical power


   Skills:
 * Level 3.7 Fighting
 * Level 3.7 Polearms
 - Level 2.1 Armour
 * Level 1.7 Dodging
 * Level 3.4 Shields


You had 2 spell levels left.
You didn't know any spells.
Your spell library was empty.

Dungeon Overview and Level Annotations

Branches:
Dungeon (4/15)
 Temple: D:4-7

Altars:
Jiyva


Innate Abilities, Weirdness & Mutations

((You are quick and stealthy near water. (Stealth+, EV+, Speed+++)))
Your lower body shifts to a powerful aquatic tail in water.


Message History

Unknown command.
You swap places.
Something hits the jelly.
Something shocks the jelly.
The acid corrodes something!
You hear a distant slurping noise.
Jiyva appreciates your sacrifice.
The jelly hits something.
Something seems to be corroded for longer.
Unknown command.
Something hits the jelly.
Something shocks the jelly.
The jelly hits something.
Something seems to be corroded for longer.
Something hits the jelly.
Something shocks the jelly.
The jelly dies!
You aren't carrying any potions.
Unknown command.
There is a stone staircase leading down, spattered with blood here.
Found 25 stones.
A sky beast appears from thin air!
Reactivating autopickup.
You hear a distant slurping noise.
Jiyva appreciates your sacrifice.
You don't have enough magic at the moment.
A kobold comes into view. It is wielding a +0 dagger.
The kobold shouts!
You hear a shout!
You aren't carrying any potions.
Unknown command.
A kobold comes into view. It is wielding a +0 dagger.
A goblin comes into view. It is wielding a +0 club.
The goblin shouts!
You hit the kobold.
You kill the kobold!
You block the kobold's attack.
Jiyva says: Divide and consume!
Things that are here:
a +0 dagger; 13 gold pieces You miss the kobold.
The kobold hits you with a +0 dagger.
* * * LOW HITPOINT WARNING * * *
You closely miss the kobold. You block the kobold's attack.
The sky beast hits you.
* * * LOW HITPOINT WARNING * * *
The sky beast shocks you.
You die...

#.###.##.# #.# #.#
!# ##..... #.###.#
# # ..... ....#.#
.# .. .....
.##.#.##.#..# ...
#.#.........# ...
##.........# #g#
#..>....>## #K#
#.#.###### #@#
...#.# #Y#
.####.##########W#
(..........WY....#
##################


You could see a phantom, a sky beast (corroded), a goblin and a kobold.

Vanquished Creatures
  2 dart slugs (D:1)
  2 orcs (D:4)
  3 endoplasms (D:1)
  2 giant cockroaches (D:1)
  2 hobgoblins
  7 jackals
  4 ball pythons (D:1)
  2 bats (D:1)
  3 kobolds
  2 rats (D:1)
29 creatures vanquished.

Vanquished Creatures (others)
  3 jellies
  An adder (D:2)
  A worm (D:2)
  An endoplasm (D:3)
  2 orcs (D:4)
  A bat (D:3)
  A goblin (D:2)
  A jackal (D:2)
  A quokka (D:1)
  25 fungi (D:1)
37 creatures vanquished.

Grand Total: 66 creatures vanquished

Notes
Turn   | Place    | Note
-------+----------+-------------------------------------------
     0 | D:1      | Amplified the Merfolk Fighter began the quest for the Orb.
     0 | D:1      | Reached XP level 1. HP: 18/18 MP: 1/1
    85 | D:1      | Reached XP level 2. HP: 19/24 MP: 2/2
    87 | D:1      | Reached skill level 1 in Dodging
   404 | D:1      | Reached XP level 3. HP: 24/29 MP: 3/3
   442 | D:1      | Found a faded altar of an unknown god.
   447 | D:1      | Became a worshipper of Jiyva Jyutouho the Shapeless
   447 | D:1      | Reached * piety under Jiyva
  1125 | D:2      | You fall into a shaft and drop 2 floors!
  1155 | D:4      | Reached ** piety under Jiyva
  1172 | D:4      | Noticed a phantom
  1185 | D:3      | Noticed a sky beast
  1224 | D:3      | Slain by a sky beast

Illustrated notes

Levels and vault maps discovered:
D:1:      scummos_arrival_checkerplants, layout_loops_ring,
          basic_ecumenical_altar, st_stairs_2
D:2:      layout_rooms
D:3:      layout_loops_ring
D:4:      layout_basic, temple_hall_moat, minmay_misc_feat_pillars, uniq_pikel,
          uniq_sigmund

Skill      XL: |  1  2 |
---------------+-------+-----
Dodging        | 1 |  1.7
Fighting       | |  3.7
Polearms       | |  3.7
Armour         | |  2.1
Shields        | |  3.4

Action                   || total
-------------------------++-------
Melee: Trident           ||   115
Invok: Request Jelly     ||     4
  Use: Scroll            ||     3
       Potion            ||     2
Armor: Scale mail        ||    58
Dodge: Dodged            ||    40
Block: Kite shield       ||    52
